 Dungeon Crawl Stone Soup version 0.19-a0-1899-g2d93087 (webtiles) character file.

1084 Lochraine the Spear-Bearer (level 8, -5/65 HPs)
             Began as a Merfolk Gladiator on Oct 20, 2016.
             Was an Initiate of Ashenzari.
             Killed by divine providence
             ... invoked by an orc priest
              (15 damage)
             ... on level 6 of the Dungeon.
             The game lasted 00:17:02 (4826 turns).

Lochraine the Spear-Bearer (Merfolk Gladiator)      Turns: 4826, Time: 00:17:03

Health: -5/65      AC:  4    Str: 16    XL:     8   Next: 30%
Magic:  8/8        EV: 17    Int:  8    God:    Ashenzari [......]
Gold:   264        SH:  0    Dex: 15    Spells: 0 memorised, 7 levels left

rFire  . . .     SeeInvis +     o - +2 whip (elec)
rCold  . . .     Gourm    .     b - +0 leather armour
rNeg   . . .     Faith    +     (no shield)
rPois  .         Spirit   .     c - +0 helmet (curse)
rElec  .         Reflect  .     (no cloak)
rCorr  .         Harm     .     (no gloves)
MR     .....                    (no boots)
Stlth  +.........               t - amulet of faith (curse)
                                (no ring)
                                s - ring of see invisible

@: slowed, very slow
A: change form in water, swift swim, stealthy swim
a: Curse Item, Renounce Religion


You were on level 6 of the Dungeon.
You worshipped Ashenzari.
Ashenzari was noncommittal.
You were hungry.

You visited 1 branch of the dungeon, and saw 6 of its levels.

You collected 264 gold pieces.

Inventory:

Hand Weapons
 a - a +2 trident
 o - a +2 whip of electrocution (weapon)
 q - a +0 glaive
Armour
 b - a +0 leather armour (worn)
 c - a cursed +0 helmet (worn)
Jewellery
 e - an uncursed amulet of guardian spirit
 s - a ring of see invisible (left hand)
 t - a cursed amulet of faith (around neck)
Scrolls
 g - a scroll of immolation {unknown}
 m - 4 scrolls of identify
 n - a scroll of recharging
 r - a scroll of magic mapping {unknown}
 v - a scroll of enchant armour {unknown}
Potions
 l - a potion of brilliance
 p - a potion of berserk rage {unknown}
 x - a potion of degeneration {unknown}
Comestibles
 f - 4 bread rations
 i - 4 fruits
 j - a beef jerky
 k - 2 meat rations


   Skills:
 + Level 6.5 Fighting
 - Level 8.6 Polearms
 - Level 2.0 Throwing
 + Level 8.3 Dodging


You had 7 spell levels left.
You didn't know any spells.

Dungeon Overview and Level Annotations

Branches:
Dungeon (6/15)             Temple (0/1) D:5

Altars:
Ashenzari
Hepliaklqana
Nemelex Xobeh
Okawaru
Trog

Shops:
D:4 =   D:5 %


Message History

Beogh smites you! The orc wizard completely misses you.
The orc wizard casts a spell at you. The magic dart hits you!
* * * LOW HITPOINT WARNING * * *
The orc wizard gestures at you while chanting.
The magic dart hits you!
* * * LOW HITPOINT WARNING * * *
The orc wizard casts a spell.
The orc wizard blinks!
As you read the scroll labeled TYRGHU RAHERUWN, it crumbles to dust.
You speak a Word of immense power!
It was a scroll of holy word.
The orc priest shouts!
The orc wizard hits you but does no damage.
The orc wizard gestures at you while chanting.
The magic dart hits you!
* * * LOW HITPOINT WARNING * * *
The orc wizard casts a cantrip, but nothing happens.
The orc priest invokes the aid of Beogh against you.
Beogh smites you!
You die...

#..........##...#
#.#.#.......))..#
#.#.#...#.###.#.#
#.#.#.....)...#.#
#......o..#####.#
###<##o#........#
#.##o#.########
#.##.#.# #.##@#.#
#.##o#.# #.##oo.#
#.##..## #.##..#
#.##..#
#.##..####
#.##.....#
#........#


You could see 2 orc priests, 3 orc wizards and an orc.

Vanquished Creatures
  Eustachio (D:5)
  An ogre (D:5)
  A bullfrog (D:6)
  A crimson imp (D:6)
  2 orc priests (D:3)
  A gnoll shaman (D:4)
  A jelly (D:5)
  3 orc wizards
  Jessica (D:2)
  Natasha (thrice) (D:3)
  Terence (D:3)
  2 iguanas
  7 worker ants
  A hound zombie (D:5)
  A worker ant zombie (D:5)
  2 gnolls (D:3)
  5 adders
  A shadow imp (D:5)
  4 oozes
  2 worms
  2 dart slugs (D:1)
  3 leopard geckos
  14 orcs
  A ball python (D:3)
  4 bats
  A giant cockroach (D:1)
  5 goblins
  7 hobgoblins
  16 jackals
  2 quokkas (D:4)
  7 frilled lizards
  9 kobolds
  5 rats
117 creatures vanquished.

Notes
Turn   | Place    | Note
-------+----------+-------------------------------------------
     0 | D:1      | Lochraine the Merfolk Gladiator began the quest for the Orb.
     0 | D:1      | Reached XP level 1. HP: 16/16 MP: 1/1
    51 | D:1      | Reached XP level 2. HP: 9/23 MP: 2/2
   397 | D:1      | Reached skill level 5 in Polearms
   526 | D:1      | Reached XP level 3. HP: 28/28 MP: 3/3
  1285 | D:2      | Reached XP level 4. HP: 26/35 MP: 4/4
  1366 | D:2      | Noticed Jessica
  1400 | D:2      | Killed Jessica
  1533 | D:2      | You fall through a shaft!
  1535 | D:3      | Reached skill level 5 in Dodging
  1535 | D:3      | Reached XP level 5. HP: 29/41 MP: 5/5
  1536 | D:3      | Noticed Natasha
  1540 | D:3      | Noticed Terence
  1572 | D:3      | Killed Terence
  1636 | D:3      | Killed Natasha
  1919 | D:3      | Noticed Natasha
  1925 | D:3      | Killed Natasha
  1925 | D:3      | Reached XP level 6. HP: 39/48 MP: 6/6
  2150 | D:3      | Noticed Natasha
  2162 | D:3      | Killed Natasha
  2243 | D:4      | Reached XP level 7. HP: 10/55 MP: 7/7
  2523 | D:4      | Found Qamiassaz's Jewellery Emporium.
  2607 | D:4      | Found a bloodstained altar of Trog.
  2608 | D:4      | Found an iron altar of Okawaru.
  2753 | D:4      | Found a sparkling altar of Nemelex Xobeh.
  3178 | D:5      | Entered Level 5 of the Dungeon
  3185 | D:5      | Found a shattered altar of Ashenzari.
  3191 | D:5      | Became a worshipper of Ashenzari the Shackled
  3276 | D:5      | Noticed Eustachio
  3303 | D:5      | Killed Eustachio
  3303 | D:5      | Reached skill level 5 in Fighting
  3444 | D:5      | Found a hazy altar of Hepliaklqana.
  3481 | D:5      | Noticed Edmund
  3570 | D:5      | Found a staircase to the Ecumenical Temple.
  3608 | D:5      | Found Zuofit's Food Emporium.
  3906 | D:5      | Reached XP level 8. HP: 43/64 MP: 8/8
  4826 | D:6      | Killed from afar by an orc priest

Vault maps used:
D:1:      dpeg_arrival_tiny_a, serial_glass, glass_columns_a, glass_columns_a
D:2:      minmay_misc_feat_cross, kennysheep_crisscross, uniq_jessica
D:3:      lemuel_castle_with_subvaults, grunt_gozag_breadcrumbs, uniq_terence,
          uniq_natasha
D:4:      grunt_temple_overflow_bloody_war, serial_shops, shop,
          nemelex_xobeh_ov_fountains_minmay
D:5:      lemuel_doored_altar, first_bread, basic_altar, serial_shops,
          kennysheep_little_box, uniq_eustachio, uniq_edmund
D:6:      minmay_guarded_unrand_vampires_tooth, uniq_blork_the_orc

Skill      XL: |  1  2  3  4  5  6  7  8 |
---------------+-------------------------+-----
Polearms       | 5 6 7 8 |  8.6
Fighting       | 3 4 5 6 |  6.5
Dodging        | 5 6 7 8 |  8.3
Throwing       | |  2.0

Action                   |  1- 3 |  4- 6 |  7- 9 || total
-------------------------+-------+-------+-------++-------
Melee: Trident           |   171 |   141 |       ||   312
       Whip              |       |       |   143 ||   143
Throw: Throwing net      |       |     2 |     3 ||     5
Invok: Curse Item        |       |       |     2 ||     2
  Use: Scroll            |       |     7 |     2 ||     9
       Potion            |       |     3 |     1 ||     4
 Stab: Held in net/web   |       |     1 |       ||     1
  Eat: Chunk             |     1 |     4 |     6 ||    11
       Pizza             |       |       |     1 ||     1
Armor: Leather armour    |    42 |    21 |    35 ||    98
Dodge: Dodged            |   108 |   100 |   138 ||   346
